Map: Rhoskallian LE

Players

qqq

  • Race: Protoss Protoss
  • Spawn Location: 12:00

Massa

  • Race: Terran Terran
  • League: Platinum
  • Spawn Location: 11:00

Mobius - Winner!

  • Race: Terran Terran
  • Spawn Location: 5:00

punkosima - Winner!

  • Race: Zerg Zerg
  • Spawn Location: 6:00

VOD

Have the link to the VOD?

Description

Time

  • Played on: Oct. 29, 2020, 5:31 p.m.
  • Length: 13:06
Show
View Real Time Build Order
Export as new Build Order

qqq Protoss 

Build Orders:  

Get SALT Encoding   

  12  0:02  Probe  
  13  0:20  Pylon  
  13  0:24  Probe  
  14  0:36  Probe  
  15  0:49  Probe  
  16  1:01  Probe  
  17  1:13  Probe  
  17  1:15  Nexus  
  18  1:33  Pylon  
  18  1:39  Forge  
  18  1:44  Probe  
  19  1:57  Probe  
  20  2:09  Probe  
  20  2:14  Gateway  
  21  2:17  Pylon  
  21  2:21  Probe  
  21  2:26  Pylon  
  19  2:40  Pylon  
  19  2:43  Probe  
  18  3:02  Photon Cannon  
  18  3:08  Photon Cannon  
  18  3:16  Probe  
  18  3:19  Photon Cannon  
  16  3:28  Probe  
  16  3:31  Probe  
  16  3:40  Probe  
  16  3:43  Probe  
  16  3:45  Cybernetics Core  
  17  3:53  Probe  
  17  3:55  Probe, Photon Cannon  
  19  4:04  Zealot  
  19  4:05  Probe  
  22  4:26  Assimilator  
  22  4:29  Assimilator  
  20  4:37  Probe  
  20  4:38  Probe  
  22  4:44  Assimilator  
  21  4:49  Probe  
  21  4:50  Probe  
  22  4:53  Photon Cannon  
  19  5:01  Probe  
  17  5:12  Probe  
  17  5:13  Probe  
  19  5:24  Probe  
  19  5:26  Probe  
  21  5:30  Pylon  
  20  5:36  Probe  
  20  5:38  Probe  
  22  5:49  Gateway  
  22  5:50  Probe  
  21  6:02  Probe  
  22  6:14  Probe  
  23  6:26  Probe  
  23  6:29  Stargate  
  23  6:31  Stargate  
  24  6:35  Stalker (Chrono Boost)  
  24  6:38  Probe  
  27  6:55  Stalker (Chrono Boost)  
  29  7:18  Nexus  
  29  7:27  Pylon  
  29  7:39  Void Ray  
  29  7:43  Void Ray  
  37  7:52  Pylon  
  37  8:03  Pylon  
  37  8:07  Probe  
  38  8:19  Probe  
  39  8:31  Probe  
  39  8:32  Phoenix  
  42  8:41  Fleet Beacon  
  42  8:43  Probe  
  42  8:47  Probe  
  44  8:55  Probe  
  45  8:59  Probe  
  46  9:07  Probe, Phoenix  
  49  9:11  Probe  
  49  9:14  Assimilator  
  50  9:19  Probe  
  50  9:20  Phoenix  
  50  9:23  Probe  
  54  9:31  Probe  
  54  9:35  Probe  
  51  9:48  Phoenix  
  51  9:51  Anion Pulse-Crystals  
  51  9:52  Probe x2  
  52  9:58  Pylon  
  52  10:02  Phoenix  
  52  10:04  Probe x2  
  56  10:13  Assimilator  
  56  10:16  Probe  
  57  10:25  Nexus  
  57  10:27  Phoenix (Chrono Boost), Pylon  
  59  10:29  Pylon  
  59  10:34  Phoenix (Chrono Boost)  
  61  10:49  Phoenix (Chrono Boost)  
  61  10:56  Shield Battery, Protoss Air Weapons Level 1  
  63  11:05  Forge  
  63  11:06  Zealot  
  65  11:12  Twilight Council  
  65  11:15  Pylon  
  65  11:22  Pylon  
  65  11:23  Phoenix  
  65  11:24  Phoenix, Pylon  
  69  11:34  Pylon  
  69  11:37  Probe  
  70  11:48  Phoenix, Zealot  
  70  11:49  Probe  
  75  11:57  Phoenix  
  75  12:01  Probe  
  72  12:13  Probe  
  62  12:25  Probe  
  63  12:30  Phoenix x2  
  67  12:37  Probe  
  56  12:49  Probe  
Show
View Real Time Build Order
Export as new Build Order

Massa Terran 

Build Orders:  

Get SALT Encoding   

  12  0:00  SCV  
  13  0:12  SCV  
  14  0:24  SCV  
  14  0:26  Supply Depot  
  15  0:36  Refinery  
  15  0:48  SCV  
  15  0:49  Barracks  
  16  1:00  SCV  
  17  1:13  Barracks  
  17  1:14  SCV  
  18  1:33  SCV  
  18  1:37  Bunker  
  19  1:43  Reaper  
  20  1:56  Orbital Command  
  20  2:11  Supply Depot  
  20  2:14  Reaper  
  20  2:15  Reaper  
  21  2:39  SCV  
  21  2:43  Barracks  
  22  2:46  Marine  
  22  2:47  Refinery, Reaper  
  24  2:52  SCV  
  24  3:09  Marine  
  25  3:27  Marine  
  24  3:45  Marine  
  25  4:03  Reaper  
  25  4:05  Marine  
  26  4:23  Marine  
  25  4:27  Factory  
  25  4:30  Barracks x2  
  25  4:32  Barracks  
  25  4:35  Reaper  
  26  4:40  Marine  
  27  4:58  Marine  
  28  5:04  Supply Depot  
  28  5:05  Supply Depot  
  28  5:07  Marine  
  26  5:25  Marine x3  
  26  5:26  Hellion  
  31  5:28  Supply Depot  
  31  5:43  Starport  
  31  5:49  Marine x3, Supply Depot  
  31  5:50  Hellion  
  36  6:07  Bunker, Marine x3  
  36  6:11  Marine x2  
  35  6:32  Marine x5  
  40  6:51  Hellion  
  42  7:13  Hellion  
  44  7:31  Command Center  
  44  7:36  Engineering Bay  
  42  7:51  Starport Tech Lab  
  41  8:07  SCV  
  42  8:15  Barracks Tech Lab  
  42  8:19  SCV  
  43  8:24  Barracks Tech Lab, Supply Depot  
  43  8:27  Barracks Reactor  
  43  8:31  SCV  
  44  8:43  Factory Tech Lab, SCV  
  45  8:50  Missile Turret  
  45  8:54  Missile Turret  
  45  8:55  SCV  
  45  9:02  Siege Tank  
  49  9:05  Banshee  
  49  9:08  Cloaking Field  
  52  9:11  SCV  
  52  9:13  Missile Turret  
  52  9:16  Stimpack  
  52  9:23  SCV  
  49  9:34  Siege Tank  
  49  9:35  SCV  
  49  9:38  Orbital Command, Missile Turret  
  53  9:47  SCV  
  57  9:56  Banshee  
  57  9:59  SCV  
  58  10:04  Missile Turret  
  58  10:06  Widow Mine  
  60  10:11  SCV  
  60  10:12  Combat Shield  
  61  10:23  SCV  
  61  10:28  Widow Mine  
  61  10:49  Widow Mine, Marine x3  
  64  10:50  Marine x3  
  69  10:58  SCV  
  69  11:02  Supply Depot  
  70  11:07  Supply Depot  
  70  11:19  Supply Depot  
  70  11:23  Marine x2  
  70  11:24  Widow Mine, SCV x2  
  73  11:29  Missile Turret  
  73  11:36  SCV x2  
  73  11:37  Medivac  
  77  11:45  Widow Mine  
  79  11:48  SCV x2  
  81  11:54  Armory  
  81  12:00  SCV x2  
  83  12:07  Medivac  
  85  12:38  Marauder, Marine  
  85  12:39  Marauder, Marine x2  
  92  12:44  Command Center  
Show
View Real Time Build Order
Export as new Build Order

Mobius Terran - Winner!

Build Orders:  

Get SALT Encoding   

  12  0:00  SCV  
  13  0:12  SCV  
  14  0:20  Supply Depot  
  14  0:25  SCV  
  15  0:42  Barracks  
  15  0:48  Refinery  
  15  0:50  SCV  
  16  0:58  Refinery  
  16  1:03  SCV  
  17  1:15  SCV  
  18  1:27  SCV  
  18  1:29  Reaper  
  18  1:31  Barracks  
  20  1:54  SCV  
  21  2:02  Reaper  
  21  2:06  SCV  
  23  2:51  Supply Depot  
  23  3:03  Reaper  
  23  3:11  Reaper  
  22  3:27  Supply Depot  
  22  3:28  Supply Depot  
  22  3:36  Reaper  
  22  3:43  Reaper  
  23  4:03  Supply Depot  
  23  4:08  Reaper  
  24  4:10  Barracks  
  24  4:12  Supply Depot  
  24  4:15  Reaper  
  25  4:40  Reaper  
  26  4:48  Reaper  
  26  4:52  SCV  
  28  5:04  SCV  
  29  5:07  Reaper  
  29  5:12  Reaper  
  31  5:16  SCV  
  31  5:20  Reaper  
  32  5:42  Command Center  
  32  5:43  SCV  
  32  5:55  SCV  
  32  6:07  SCV  
  33  6:19  SCV  
  31  6:42  Factory  
  31  6:44  Orbital Command  
  31  6:59  Engineering Bay  
  31  7:01  Supply Depot  
  31  7:07  Orbital Command  
  31  7:11  Refinery  
  31  7:27  Factory Tech Lab  
  31  7:32  Armory  
  31  7:37  Missile Turret  
  31  7:38  Missile Turret  
  32  7:51  SCV  
  32  7:59  Missile Turret  
  32  8:03  SCV  
  33  8:15  SCV  
  33  8:17  Starport  
  34  8:25  SCV  
  35  8:27  SCV  
  36  8:38  Command Center  
  36  8:39  SCV  
  37  8:49  Refinery  
  37  8:52  SCV  
  37  8:54  Starport Reactor  
  38  8:57  Thor  
  44  9:04  SCV, Terran Vehicle And Ship Armor Level 1  
  45  9:16  SCV  
  46  9:28  SCV  
  47  9:41  SCV  
  50  9:46  Thor  
  50  9:48  Viking x2  
  58  9:53  SCV  
  58  9:59  Factory  
  59  10:04  Factory  
  59  10:05  SCV, Factory  
  60  10:07  Armory  
  60  10:17  SCV  
  60  10:18  Viking x2  
  60  10:19  Supply Depot  
  60  10:20  Supply Depot  
  60  10:21  Planetary Fortress  
  65  10:28  Refinery  
  65  10:29  SCV  
  66  10:48  Missile Turret  
  66  10:58  Missile Turret  
  66  11:06  Terran Vehicle Weapons Level 1  
  66  11:10  Factory Tech Lab x3  
  66  11:11  Thor  
  72  11:21  Missile Turret  
  72  11:29  Siege Tank  
  72  11:30  Siege Tank x2  
  81  11:35  SCV  
  82  11:40  SCV  
  83  11:47  SCV  
  84  11:59  SCV  
  87  12:01  Hellbat  
  87  12:02  Hellbat  
Show
View Real Time Build Order
Export as new Build Order

punkosima Zerg - Winner!

Build Orders: Hatch First 

Get SALT Encoding   

  12  0:01  Drone  
  13  0:13  Overlord  
  13  0:18  Drone  
  14  0:31  Drone x2  
  17  0:35  Drone  
  17  0:48  Drone  
  18  0:57  Drone  
  18  1:00  Hatchery  
  18  1:06  Extractor  
  17  1:17  Spawning Pool  
  16  1:18  Drone  
  16  1:22  Drone  
  18  1:34  Drone  
  19  2:02  Drone x3  
  22  2:16  Drone x2  
  22  2:17  Queen  
  22  2:18  Queen  
  28  2:29  Spine Crawler  
  26  2:32  Spine Crawler  
  23  2:48  Spine Crawler  
  23  2:50  Drone  
  23  2:56  Extractor  
  22  3:03  Zergling x6  
  25  3:14  Queen  
  27  3:34  Drone  
  27  3:35  Hatchery  
  27  3:43  Drone  
  28  3:53  Overlord  
  28  3:54  Overlord  
  28  4:02  Metabolic Boost  
  28  4:11  Drone x3  
  28  4:15  Drone  
  32  4:20  Drone x2  
  34  4:30  Drone x3  
  37  4:40  Zergling x2  
  37  4:41  Zergling x10  
  43  4:47  Lair  
  43  4:48  Pneumatized Carapace  
  43  4:53  Extractor  
  42  5:04  Drone x6  
  48  5:17  Drone x2  
  48  5:19  Overlord x2  
  50  5:30  Overlord x2  
  50  5:36  Queen  
  52  5:54  Drone x14  
  66  6:11  Drone x4  
  70  6:16  Spire  
  69  6:19  Overseer  
  69  6:22  Extractor  
  68  6:28  Drone x3  
  71  6:35  Extractor, Spore Crawler x2  
  63  6:53  Drone x3  
  66  6:54  Drone x3  
  66  6:55  Drone  
  70  7:03  Spore Crawler  
  70  7:06  Spore Crawler x2  
  70  7:07  Queen  
  69  7:08  Spore Crawler x2  
  69  7:09  Drone x10  
  77  7:28  Spine Crawler  
  76  7:30  Spine Crawler  
  76  7:31  Spine Crawler  
  76  7:32  Spine Crawler x2  
  76  7:34  Mutalisk  
  76  7:35  Mutalisk x3  
  80  7:37  Overlord x2  
  80  7:42  Queen  
  81  7:58  Extractor, Mutalisk x7  
  80  7:59  Mutalisk  
  80  8:05  Overseer  
  96  8:15  Mutalisk  
  98  8:32  Overlord x4  
  98  8:33  Overlord  
  98  8:35  Zerg Flyer Armor Level 1  
  98  8:44  Overlord x3  
  98  8:49  Infestation Pit  
  98  8:53  Mutalisk x6  
  109  9:09  Zergling x18  
  114  9:33  Mutalisk x7  
  124  9:49  Overseer  
  124  9:52  Zergling x2  
  125  9:53  Zergling x12  
  125  9:59  Evolution Chamber  
  130  10:01  Evolution Chamber  
  130  10:05  Hive  
  130  10:06  Baneling Nest  
  128  10:22  Zergling x14  
  128  10:23  Hatchery  
  134  10:41  Zergling x2  
  134  10:42  Zergling x8  
  139  11:04  Drone x3  
  139  11:05  Drone x3  
  145  11:29  Zergling x14  
  145  11:31  Baneling x5  
  145  11:32  Baneling x19  
  152  11:37  Centrifical Hooks  
  152  11:44  Zergling x16  
  160  12:01  Overlord  
  160  12:02  Overlord x5  
  160  12:29  Zergling x2  
  161  12:30  Zergling x32  
Tags
 
Add a new tag
Caveats
  • Supply blocks, unpowered buildings, or Contaminate may cause inaccurate times.
  • Supply counts are checked every 10 seconds.